 Dungeon Crawl Stone Soup version 0.28-a0-1356-g2ad6d04315 (webtiles) character file.

Game seed: 3054945726776755543

837 bande the Chopper (level 7, -4/44 HPs)
             Began as a Gargoyle Fighter on Dec 31, 2021.
             Was a Believer of Okawaru.
             Slain by a yak (9 damage)
             ... on level 4 of the Dungeon.
             The game lasted 00:10:52 (4270 turns).

bande the Chopper (Gargoyle Fighter)                Turns: 4270, Time: 00:10:53

Health: -4/44      AC: 24    Str: 21    XL:     7   Next: 99%
Magic:  0/9        EV:  7    Int:  8    God:    Okawaru [**....]
Gold:   139        SH:  5    Dex: 14    Spells: 6/6 levels left

rFire   . . .      SeeInvis .   a - +1 war axe
rCold   . . .      Faith    .   c - +0 buckler
rNeg    + + .      Spirit   +   s - +1 chain mail of Kyefee {Will++ Str+3}
rPois   ∞          Reflect  .   o - +0 helmet
rElec   +          Harm     .   (no cloak)
rCorr   .          Rampage  .   l - +1 pair of gloves
Will    ++...                   j - +0 pair of boots
Stlth   ..........              g - amulet of guardian spirit
HPRegen 0.14/turn               h - ring of Lucidity {rN+ AC+4 Str-2 Dex+3 Slay+2}
MPRegen 0.11/turn               (no ring)

@: no status effects
A: sickness immunity, AC +4, negative energy resistance 1, electricity
resistance, torment resistance 1, petrification resistance, screaming 1
a: Renounce Religion, Heroism


You were on level 4 of the Dungeon.
You worshipped Okawaru.
Okawaru was pleased with you.
You visited 1 branch of the dungeon, and saw 5 of its levels.
You also visited: Sewer.

You collected 139 gold pieces.

Inventory:

Hand Weapons
 a - a +1 war axe (weapon)
Armour
 c - a +0 buckler (worn)
 j - a +0 pair of boots (worn)
 l - a +1 pair of gloves (worn)
 o - a +0 helmet (worn)
 s - the +1 chain mail of Kyefee (worn) {Will++ Str+3}
   (You found it in a sewer)

   Str:       It affects your strength (+3).
   Will:      It greatly increases your willpower.
Jewellery
 g - an amulet of guardian spirit (around neck)
 h - the ring of Lucidity (left hand) {rN+ AC+4 Str-2 Dex+3 Slay+2}
   (You acquired it on level 3 of the Dungeon)

   [ring of protection]

   AC:        It affects your AC (+4).
   Str:       It affects your strength (-2).
   Dex:       It affects your dexterity (+3).
   Slay:      It affects your accuracy & damage with ranged weapons and melee
   (+2).
   rN:        It protects you from negative energy.
Wands
 q - a wand of digging (17)
 r - a wand of polymorph (4)
Scrolls
 t - a scroll of enchant weapon
 v - a scroll of identify
Potions
 b - a potion of berserk rage {unknown}
 d - 2 potions of might
 e - 4 potions of heal wounds
 f - a potion of mutation
 i - 2 potions of resistance {unknown}
 k - 2 potions of curing {unknown}
 m - 2 potions of degeneration {unknown}
 n - a potion of flight {unknown}
 p - a potion of haste {unknown}
 u - a potion of magic {unknown}


   Skills:
 + Level 4.6 Fighting
 + Level 5.1 Axes
 + Level 4.8 Armour
 + Level 4.5 Shields
 + Level 0.7 Unarmed Combat
 * Level 2.9 Invocations
 * Level 2.3 Evocations


You had 6 spell levels left.
You didn't know any spells.
Your spell library contained the following spells:

 Spells                   Type           Power      Damage    Failure   Level
 Foxfire                  Conj/Fire      0%         2x1d4     98%         1
 Scorch                   Fire           0%         2d5       99%         2
 Conjure Flame            Conj/Fire      0%         6-21      100%        3
 Ignite Poison            Fire/Tmut/Pois 0%         N/A       100%        3
 Inner Flame              Hex/Fire       0%         N/A       100%        3
 Flame Wave               Conj/Fire      0%         2d4       100%        4
 Sticky Flame             Conj/Fire      0%         2d3       100%        4
 Summon Cactus Giant      Summ           Unusable   N/A       N/A         6

Dungeon Overview and Level Annotations

Branches:
Dungeon (5/15)              Sewer (visited)
 Temple: D:4-7

Altars:
Ashenzari
Gozag
Okawaru

Shops:
D:3 :   D:4 *


Innate Abilities, Weirdness & Mutations

You are immune to sickness and miasma.
Your stone body is resilient. (AC +4)
You are immune to poison.
You resist negative energy. (rN+)
You are resistant to electric shocks. (rElec)
You are resistant to unholy torment.
You are immune to petrification.
You occasionally shout uncontrollably at your foes.


Message History

HP restored.
You climb downwards.
The yak gores you but does no damage.
There is a stone staircase leading up here.
The yak bellows!
The yak gores you! The yak gores you but does no damage.
You climb upwards.
There is a stone staircase leading down here.
You hit the yak but do no damage. You hit the yak. The yak gores you.
The yak barely misses you. x2; The yak gores you.
You barely miss the yak. You slash the yak! The yak gores you!
The yak gores you but does no damage.
You slash the yak!
The yak is moderately wounded.
You completely miss the yak. You block the yak's attack.
The yak gores you but does no damage.
You hit the yak but do no damage.
The yak is moderately wounded.
You barely miss the yak. The yak gores you.
The yak gores you but does no damage. The yak misses you.
You completely miss the yak.
The yak is moderately wounded.
You slash the yak! The yak gores you but does no damage.
The yak barely misses you. The yak closely misses you.
You slash the yak!
The yak is heavily wounded.
You hit the yak but do no damage. The yak barely misses you.
The yak gores you but does no damage.
You barely miss the yak.
The yak is heavily wounded.
You hit the yak. The yak gores you but does no damage. The yak gores you!
You hit the yak but do no damage.
The yak is heavily wounded.
You hit the yak but do no damage. The yak gores you.
* * * LOW HITPOINT WARNING * * *
The yak gores you!
* * * LOW HITPOINT WARNING * * *
You barely miss the yak.
The yak is heavily wounded.
You hit the yak. The yak gores you!
You die...

##(## #.....
#...#####.....
#......######.
#...##.######.
######.#......
###### #####
#.#.####.
.....#######...#
#.#.####.
###.......##.#.###
#.#.#..#.
###.[####....#.Y@###
##......#.
##.....##..#####.Y.#
##.........
##...#.......#...#.#
#...##.##..
##...####.##.#.###.#
#.###.#.##.
.....))...##...# #.#
#.#[..#...#
##.##.########## #.#
#.###.#.##. ##.##.#
##.####...##.##..
#..##.#
#.....>..........
#.###.########
#.#####.###.#...#


You could see 2 yaks.

Vanquished Creatures
  Sigmund (D:4)
  2 yaks (D:4)
  Pargi (Sewer)
  A water moccasin skeleton (D:4)
  A bullfrog skeleton (D:3)
  A hound (D:4)
  Ijyb (D:4)
  An orc wizard (D:4)
  4 adders
  A river rat (D:4)
  An adder skeleton (D:4)
  A worm (D:3)
  3 dart slugs
  4 orcs
  10 ball pythons
  4 endoplasms
  4 giant cockroaches
  8 hobgoblins
  A jackal (Sewer)
  8 kobolds
  7 quokkas
  6 bats
  2 frilled lizards
  8 goblins
  9 rats
90 creatures vanquished.

Vanquished Creatures (others)
  An orc wizard (D:4)
1 creature vanquished.

Grand Total: 91 creatures vanquished

Notes
Turn   | Place    | Note
-------+----------+-------------------------------------------
     0 | D:1      | bande the Gargoyle Fighter began the quest for the Orb.
     0 | D:1      | Reached XP level 1. HP: 14/14 MP: 1/1
    76 | D:1      | Reached XP level 2. HP: 8/19 MP: 2/2
   562 | D:1      | Found a faded altar of an unknown god.
   569 | D:1      | Gained mutation: You occasionally shout uncontrollably at
                  | your foes. [potion of mutation]
   921 | D:1      | Reached XP level 3. HP: 23/23 MP: 3/3
  1093 | D:1      | Reached skill level 2 in Axes
  1966 | D:3      | Found Net Awin's Book Shop.
  1973 | D:3      | Reached XP level 4. HP: 24/28 MP: 4/4
  2097 | D:3      | Identified a scroll of acquirement
  2097 | D:3      | Acquired the ring of Lucidity {rN+ AC+4 Str-2 Dex+3 Slay+2}
  2352 | D:3      | Found an iron altar of Okawaru.
  2359 | D:3      | Became a worshipper of Warmaster Okawaru
  2362 | D:3      | Reached skill level 3 in Axes
  2620 | D:3      | Reached XP level 5. HP: 33/33 MP: 5/5
  2922 | D:4      | Noticed Ijyb
  2958 | D:4      | Killed Ijyb
  2959 | D:4      | Reached skill level 1 in Invocations
  3086 | D:4      | Reached XP level 6. HP: 36/38 MP: 6/6
  3091 | D:4      | Found a glowing drain.
  3095 | Sewer    | Entered a sewer
  3154 | Sewer    | Noticed Pargi
  3164 | Sewer    | Killed Pargi
  3165 | Sewer    | Reached skill level 4 in Axes
  3165 | Sewer    | Reached skill level 1 in Evocations
  3179 | Sewer    | Identified the +1 chain mail of Kyefee {Will++ Str+3}
  3274 | D:4      | Found a broken altar of Ashenzari.
  3303 | D:4      | Found an opulent altar of Gozag.
  3305 | D:4      | Found Gozag's Platinum Reserve.
  3681 | D:4      | Noticed Sigmund
  3686 | D:4      | Killed Sigmund
  3686 | D:4      | Reached * piety under Okawaru
  3687 | D:4      | Reached XP level 7. HP: 44/44 MP: 8/8
  3842 | D:5      | Entered Level 5 of the Dungeon
  3897 | D:5      | Noticed a yak
  3897 | D:5      | Noticed a yak
  3937 | D:4      | Killed a yak
  4204 | D:5      | Noticed a yak
  4205 | D:5      | Noticed a yak
  4205 | D:5      | Noticed a yak
  4207 | D:5      | Noticed a yak
  4230 | D:4      | Killed a yak
  4230 | D:4      | Reached ** piety under Okawaru
  4231 | D:4      | Reached skill level 5 in Axes
  4270 | D:4      | Slain by a yak

Illustrated notes

Levels and vault maps discovered:
D:1:      nzn_arrival_settlement, layout_loops_corners,
          ebering_ecumenical_altar_sacrificial, serial_co_window_serial,
          co_window_of_opportunity_a, co_window_paths_b, co_window_paths_a,
          co_window_paths_b, co_window_paths_b, co_window_corner_b,
          co_window_corner_cb, co_window_corner_ca, glass_columns_b,
          glass_columns_b, glass_columns_a, glass_columns_a,
          minmay_split_cup_small
D:2:      layout_rooms
D:3:      layout_basic, okawaru_trees_2, serial_shops, shop_fountains
D:4:      layout_loops_cross, nicolae_gozag_zags_fifth_avenue,
          ashenzari_altar_1, gup_sewer_entry_bowl, chequers_arboretum,
          minmay_ruptured, uniq_ijyb, uniq_sigmund
D:5:      layout_loops_ring

Skill      XL: |  1  2  3  4  5  6  7 |
---------------+----------------------+-----
Axes           | 2 3 4 5 |  5.1
Shields        | 4 |  4.5
Armour         | 4 |  4.8
Fighting       | 4 |  4.6
Invocations    | 1 2 |  2.9
Evocations     | 1 2 |  2.3
Unarmed Combat | |  0.7

Action                   |  1- 3 |  4- 6 |  7- 9 || total
-------------------------+-------+-------+-------++-------
Melee: War axe           |   101 |   130 |    30 ||   261
       Unarmed           |       |    27 |       ||    27
  Use: Scroll            |     1 |     9 |     2 ||    12
       Potion            |     1 |       |       ||     1
Armor: Scale mail        |    46 |     4 |       ||    50
       Chain mail        |       |   114 |    13 ||   127
       Skin              |       |     9 |       ||     9
Dodge: Dodged            |    50 |    64 |    16 ||   130
Block: Buckler           |    27 |    38 |     6 ||    71

Table legend: (Time is in decaauts)
 A = Elapsed time spent in this place.
 B = Non-inter-level travel time spent in this place.
 C = Inter-level travel time spent in this place.
 D = Time resting spent in this place.
 E = Time spent auto-exploring this place.
 F = Levels seen in this place.
 G = Mean time per level.
                   A        B        C        D        E       F      G
               +--------+--------+--------+--------+--------+-----+--------+
         Total |   4379 |   4343 |     36 |    604 |   2664 |   6 |  729.8 |
       Dungeon |   4220 |   4184 |     36 |    604 |   2589 |   5 |  844.0 |
         Sewer |    158 |    158 |      0 |      0 |     75 |   1 |  158.0 |
               +--------+--------+--------+--------+--------+-----+--------+

Top non-repeatable levels by time:
     D:1: 1385 daAuts
     D:4: 1231 daAuts
     D:3: 851 daAuts
     D:2: 620 daAuts
   Sewer: 158 daAuts
     D:5: 132 daAuts
